 Dungeon Crawl Stone Soup version 0.17-a0-1069-g92ad481 (webtiles) character file.

56 abixa the Firebug (level 3, 0/26 HPs)
             Began as a Hill Orc Fire Elementalist on May 17, 2015.
             Slain by an adder (1 damage)
             ... on level 2 of the Dungeon.
             The game lasted 00:05:16 (1869 turns).

abixa the Firebug (Hill Orc Fire Elementalist)      Turns: 1869, Time: 00:05:16

Health: 0/26       AC:  6    Str:  6 (10) XL:     3   Next: 97%
Magic:  0/5        EV: 11    Int: 19      God:
Gold:   90         SH:  2    Dex: 11      Spells: 2 memorised, 2 levels left

rFire  . . .     SeeInvis .     w - +0 mace
rCold  . . .     Clarity  .     l - +0 leather armour (curse)
rNeg   . . .     SustAb   .     (no shield)
rPois  .         Gourm    .     (no helmet)
rElec  .         Spirit   .     (no cloak)
rCorr  .         Warding  .     g - +0 pair of gloves
rMut   .         Stasis   .     (no boots)
MR     .....                    (no amulet)
Stlth  +.........               (no ring)
                                (no ring)

@: brilliant, lethally poisoned (0 -> -2), very slightly contaminated, not
resistant to hostile enchantments, very unstealthy
A: large bone plates 1, blurry vision 1, dopey 1
a: no special abilities


You were on level 2 of the Dungeon.
You were not hungry.

You visited 1 branch of the dungeon, and saw 2 of its levels.

You collected 90 gold pieces.

Inventory:

Hand weapons
 o - a +0 whip
 p - a +0 spear
 s - a +0 hand axe
 w - a +0 mace (weapon)
Missiles
 f - 47 arrows
 h - 67 stones (quivered)
 q - 2 needles of confusion
 x - 22 sling bullets
 y - 2 tomahawks
Armour
 a - a +0 robe
 d - a +0 ring mail
 g - a +0 pair of gloves (worn)
 l - a cursed +0 leather armour (worn)
Scrolls
 e - a scroll of random uselessness {unknown}
 m - 3 scrolls of fog
 n - a scroll of magic mapping {unknown}
 r - 2 scrolls of identify
 A - a scroll of remove curse {unknown}
Potions
 j - a potion of flight {unknown}
 z - a potion of ambrosia {unknown}
Books
 b - a book of Flames

   Spells                             Type                      Level
   a - Flame Tongue                   Conjuration/Fire             1
   b - Throw Flame                    Conjuration/Fire             2
   c - Conjure Flame                  Conjuration/Fire             3
   d - Inner Flame                    Hexes/Fire                   3
   e - Sticky Flame                   Conjuration/Fire             4
   f - Fireball                       Conjuration/Fire             5
Comestibles
 c - 3 bread rations
 k - 2 meat rations
 B - a chunk of flesh


   Skills:
 - Level 1.5 Dodging
 - Level 1.5 Stealth
 - Level 1.5 Spellcasting
 + Level 3.4 Conjurations
 + Level 3.5 Fire Magic


You had 2 spell levels left.
You knew the following spells:

 Your Spells              Type           Power        Failure   Level  Hunger
a - Flame Tongue          Conj/Fire      ####.        1%          1    ##.....
b - Throw Flame           Conj/Fire      ####..       1%          2    ###....


Dungeon Overview and Level Annotations

Branches:
Dungeon (2/15)

Altars:


Innate Abilities, Weirdness & Mutations

You are partially covered in large bone plates (AC +2, SH +2).
Scrolls take you a little longer to read.
You are dopey. (Int -2)


Message History

t - Shout!
Orders for allies: a - Attack new target. p - Attack previous target. r - Retreat! s - Stop attacking. w - Wait here. f - Follow me.
Anything else - Stay silent.
You shout for attention!
The adder bites you but does no damage.
The giant cockroach bites you but does no damage.
The adder bites you but does no damage. x2
The giant cockroach bites you but does no damage.
What do you say? t - Shout!
Orders for allies: a - Attack new target. p - Attack previous target. r - Retreat! s - Stop attacking. w - Wait here. f - Follow me.
Anything else - Stay silent.
You shout for attention!
* * * LOW HITPOINT WARNING * * *
You feel sick. The adder barely misses you. The adder bites you.
You die...

.......# #........#
.......# #?.......#
####'#.# #........+
##'#'######........##
#.....†.............#
#..!..#..?...$......#
#.....#...........#.
#.....#.......sS#.#
#.....#.......S@# #
#.....#.........#
#.....#.........#
#.....#.........#
....?...#.#
##.######.# .. #.#
#.#


You could see 2 adders and a giant cockroach.

Vanquished Creatures
  3 adders (D:2)
  An ooze (D:2)
  3 giant geckos
  4 goblins
  A hobgoblin (D:1)
  2 jackals (D:2)
  A quokka (D:2)
  3 bats
  A giant newt (D:1)
  A kobold (D:1)
  3 rats (D:1)
23 creatures vanquished.

Notes
Turn   | Place    | Note
--------------------------------------------------------------
     0 | D:1      | abixa the Hill Orc Fire Elementalist began the quest for the Orb.
     0 | D:1      | Reached XP level 1. HP: 14/14 MP: 3/3
   755 | D:1      | Reached XP level 2. HP: 20/20 MP: 0/4
   759 | D:1      | Learned a level 2 spell: Throw Flame
  1540 | D:2      | Reached XP level 3. HP: 24/26 MP: 2/5
  1853 | D:2      | HP: 1/26 [poisoned by an adder]
  1858 | D:2      | Gained mutation: Scrolls take you a little longer to read. [potion of mutation]
  1858 | D:2      | Gained mutation: You are dopey. (Int -2) [potion of mutation]
  1858 | D:2      | Gained mutation: You are partially covered in large bone plates (AC +2, SH +2). [potion of mutation]
  1869 | D:2      | HP: 1/26 [poisoned by an adder]
  1869 | D:2      | Slain by an adder

Vault maps used:
D:1:      moated_graveyard_arrival

Action                   || total
-------------------------++-------
Melee: Whip              ||    12
       Unarmed           ||    10
       Mace              ||    22
       Hand axe          ||     2
 Cast: Flame Tongue      ||    37
  Use: Potion            ||     4
       Scroll            ||     1
 Stab: Sleeping          ||     1
  Eat: Chunk             ||     4
